 Dungeon Crawl Stone Soup version 0.27-a0-1139-g28e009f8a6 (webtiles) character file.

Game seed: 15178833709769387379

165 Anon1729 the Skirmisher (level 5, -4/36 (38) HPs)
             Began as a Barachi Monk on May 7, 2021.
             Was an Initiate of Gozag.
             Slain by a scorpion (6 damage)
             ... on level 3 of the Dungeon.
             The game lasted 00:04:00 (3563 turns).

Anon1729 the Skirmisher (Barachi Monk)              Turns: 3563, Time: 00:04:01

HP:   -4/36 (38)    AC: 12    Str: 11 (14) XL:     5   Next: 46%
MP:   5/5           EV:  2    Int:  7 (10) God:    Gozag
Gold: 384           SH:  0    Dex: 14 (16) Spells: 4/4 levels left

rFire    . . .     SeeInvis .   a - +0 falchion
rCold    . . .     Faith    .   (no shield)
rNeg     . . .     Spirit   .   r - +0 plate armour
rPois    .         Reflect  .   (no helmet)
rElec    .         Harm     .   k - +0 cloak
rCorr    .         Rampage  .   l - +0 pair of gloves
Will     .....                  (no boots)
Stlth    ..........             (no amulet)
HPRegen  0.12/turn              (no ring)
MPRegen  0.09/turn              (no ring)

@: lethally poisoned (-4 -> -13), hasted, drained, quick
A: amphibious, slowness 1, strong legs 1, +LOS, agile 1, frail 1, MP-powered
wands
a: Hop, Renounce Religion, Potion Petition, Call Merchant, Bribe Branch


You were on level 3 of the Dungeon.
You worshipped Gozag.
Gozag was aware of your devotion.
You visited 1 branch of the dungeon, and saw 4 of its levels.

You collected 384 gold pieces.

Inventory:

Hand Weapons
 a - a +0 falchion (weapon)
Armour
 b - a +0 robe
 k - a +0 cloak (worn)
 l - a +0 pair of gloves (worn)
 r - a +0 plate armour (worn)
Scrolls
 i - a scroll of vulnerability {unknown}
 j - a scroll of magic mapping {unknown}
 n - a scroll of holy word {unknown}
 q - a scroll of torment {unknown}
Potions
 c - a potion of magic {unknown}
 d - a potion of brilliance
 e - a potion of invisibility {unknown}
 f - 2 potions of flight
 g - a potion of degeneration
 h - a potion of mutation
 p - a potion of cancellation {unknown}


   Skills:
 + Level 4.7 Fighting
 + Level 4.7 Long Blades
 + Level 4.3 Dodging
 + Level 3.1 Stealth


You had 4 spell levels left.
You didn't know any spells.
Your spell library was empty.

Dungeon Overview and Level Annotations

Branches:
Dungeon (4/15)
 Temple: D:4-7

Altars:
Gozag


Innate Abilities, Weirdness & Mutations

You are amphibious.
You cover ground slowly.
You can hop short distances.
You have an extended range of vision and can be seen from far away.
You are agile. (Dex +2)
You are frail. (-10% HP)
You expend magic power (3 MP) to strengthen your wands.


Message History

The scorpion poisons you!
You barely miss the scorpion.
The scorpion is severely wounded.
You feel sick. The scorpion stings you.
You hit the scorpion.
The scorpion is almost dead.
You feel sick.
The scorpion stings you but does no damage.
You closely miss the scorpion.
The scorpion is almost dead.
You feel sick. The scorpion barely misses you.
You riposte.
You hit the scorpion.
The scorpion is almost dead.
Your plate armour prevents you from hitting the scorpion.
The scorpion is almost dead.
You barely miss the scorpion.
The scorpion is almost dead.
You feel sick. The scorpion barely misses you.
You riposte.
You closely miss the scorpion.
The scorpion is almost dead.
Your plate armour prevents you from hitting the scorpion.
The scorpion is almost dead.
You feel sick. The scorpion stings you.
Your plate armour prevents you from hitting the scorpion.
The scorpion is almost dead.
You feel sick. The scorpion stings you.
* * * LOW HITPOINT WARNING * * *
You are lethally poisoned!
The scorpion poisons you!
You hit the scorpion but do no damage.
The scorpion is almost dead.
* * * LOW HITPOINT WARNING * * *
You feel sick.
The scorpion stings you but does no damage.
You hit the scorpion but do no damage.
The scorpion is almost dead.
* * * LOW HITPOINT WARNING * * *
You feel sick. The scorpion stings you.
You die...
Your body crumbles into a pile of gold.

###### #....# #....#
#....# ####....#
#####......####
#@............#
#s#........)..##
#.#.#...#......#
#####+#.#####......#
#.......# #......#
#.......#####.#.#..###
#.....................
#.............#.#.....
#...)..##....##.##..#.


You could see a scorpion.

Vanquished Creatures
  A water moccasin zombie (D:2)
  An iguana (D:3)
  2 adders
  2 worms (D:2)
  4 ball pythons
  4 bats
  5 endoplasms
  12 goblins
  4 hobgoblins
  2 jackals (D:1)
  7 kobolds
  3 quokkas
  A frilled lizard (D:3)
  7 rats
55 creatures vanquished.

Vanquished Creatures (others)
  3 plants (D:1)
3 creatures vanquished.

Grand Total: 58 creatures vanquished

Notes
Turn   | Place    | Note
-------+----------+-------------------------------------------
     0 | D:1      | Anon1729 the Barachi Monk began the quest for the Orb.
     0 | D:1      | Reached XP level 1. HP: 18/18 MP: 1/1
   216 | D:1      | Reached XP level 2. HP: 25/25 MP: 2/2
   407 | D:1      | Found a faded altar of an unknown god.
   444 | D:1      | Became a worshipper of Gozag Ym Sagoz the Greedy
   806 | D:1      | Reached XP level 3. HP: 26/30 MP: 3/3
  1375 | D:2      | Reached XP level 4. HP: 10/38 MP: 4/4
  2516 | D:3      | Reached XP level 5. HP: 43/43 MP: 5/5
  3332 | D:3      | Gained mutation: You are agile. (Dex +2) [potion of
                  | mutation]
  3332 | D:3      | Gained mutation: You are frail. (-10% HP) [potion of
                  | mutation]
  3332 | D:3      | Gained mutation: You expend magic power (3 MP) to
                  | strengthen your wands. [potion of mutation]
  3563 | D:3      | Slain by a scorpion

Illustrated notes

Levels and vault maps discovered:
D:1:      wander_arrival_fairy_ring, layout_rooms,
          ebering_ecumenical_altar_hall, serial_forest,
          infiniplex_forest_clump_tiny, infiniplex_forest_3_way,
          infiniplex_forest_end_double, infiniplex_forest_lined_2,
          infiniplex_forest_lined_room_3, minmay_misc_feat_ornament
D:2:      layout_basic, st_stairs_6, minmay_misc_feat_doors, minivault_4
D:3:      layout_basic
D:4:      cheibrodos_quashed, layout_loops_ring, minmay_mini_ossuary

Skill      XL: |  1  2  3  4  5 |
---------------+----------------+-----
Stealth        | 2 3 |  3.1
Long Blades    | 4 |  4.7
Fighting       | 4 |  4.7
Dodging        | 4 |  4.3

Action                   |  1- 3 |  4- 6 || total
-------------------------+-------+-------++-------
Melee: Falchion          |    74 |   139 ||   213
 Abil: Hop               |       |     2 ||     2
  Use: Potion            |       |     6 ||     6
 Stab: Sleeping          |     3 |     3 ||     6
       Distracted        |       |     1 ||     1
Armor: Robe              |     8 |    27 ||    35
       Plate armour      |       |    27 ||    27
Dodge: Dodged            |    56 |    72 ||   128
       Rpst.: Falchion   |    12 |    20 ||    32

Table legend: (Time is in decaauts)
 A = Elapsed time spent in this place.
 B = Non-inter-level travel time spent in this place.
 C = Inter-level travel time spent in this place.
 D = Time resting spent in this place.
 E = Time spent auto-exploring this place.
 F = Levels seen in this place.
 G = Mean time per level.
                   A        B        C        D        E       F      G
               +--------+--------+--------+--------+--------+-----+--------+
         Total |   3963 |   3669 |    294 |    345 |   2781 |   4 |  990.8 |
       Dungeon |   3963 |   3669 |    294 |    345 |   2781 |   4 |  990.8 |
               +--------+--------+--------+--------+--------+-----+--------+

Top non-repeatable levels by time:
     D:2: 1595 daAuts
     D:3: 1306 daAuts
     D:1: 1033 daAuts
     D:4: 27 daAuts
